 Dungeon Crawl Stone Soup version 0.28.0-53-g5a82cb258f (webtiles) character file.

Game seed: 16603456559833087639

363 Descartes the Sneak (level 6, -5/32 HPs)
             Began as a Deep Elf Wanderer on July 30, 2022.
             Killed from afar by a white imp (11 damage)
             ... with a puff of frost
             ... on level 5 of the Dungeon.
             The game lasted 00:09:09 (4541 turns).

Descartes the Sneak (Deep Elf Wanderer)             Turns: 4541, Time: 00:09:10

Health: -5/32      AC:  5    Str:  7    XL:     6   Next: 39%
Magic:  6/12       EV: 13    Int: 26    God:
Gold:   223        SH:  0    Dex: 15    Spells: 4/11 levels left

rFire   . . .      SeeInvis .   a - +0 shortbow
rCold   . . .      Faith    .   (shield currently unavailable)
rNeg    . . .      Spirit   .   d - +0 robe
rPois   .          Reflect  .   u - +0 helmet
rElec   .          Harm     .   w - +0 cloak
rCorr   .          Rampage  .   c - +0 pair of gloves
Will    .....                   (no boots)
Stlth   +++.......              (no amulet)
HPRegen 0.10/turn               i - +6 ring of intelligence
MPRegen 0.13/turn               (no ring)

@: no status effects
A: no striking features
a: no special abilities


You were on level 5 of the Dungeon.
You visited 1 branch of the dungeon, and saw 5 of its levels.

You collected 223 gold pieces.

Inventory:

Hand Weapons
 a - a +0 shortbow (weapon)
 b - a +2 dagger of freezing
 k - a +1 whip of freezing
Missiles
 f - 123 stones
 g - 6 poisoned darts
 l - 22 arrows (quivered ammo)
 t - 3 boomerangs
 x - 17 sling bullets
Armour
 c - a +0 pair of gloves (worn)
 d - a +0 robe (worn)
 u - a +0 helmet (worn)
 w - a +0 cloak (worn)
Jewellery
 i - a +6 ring of intelligence (left hand)
Wands
 v - a wand of iceblast (8)
Scrolls
 e - 2 scrolls of fear {unknown}
 h - a scroll of enchant weapon {unknown}
 p - a scroll of fog {unknown}
 r - 2 scrolls of teleportation {unknown}
 s - 2 scrolls of amnesia {unknown}
 y - a scroll of blinking {unknown}
Potions
 j - a potion of curing
 m - a potion of invisibility {unknown}
 n - a potion of mutation {unknown}
 o - a potion of lignification
 q - a potion of flight {unknown}


   Skills:
 + Level 1.5 Short Blades
 + Level 4.0 Bows
 + Level 3.0 Dodging
 + Level 4.5 Stealth
 - Level 0.4 Unarmed Combat
 + Level 3.3 Spellcasting
 + Level 4.1 Conjurations
 + Level 1.8 Hexes
 + Level 1.5 Translocations
 + Level 2.0 Air Magic


You had 4 spell levels left.
You knew the following spells:

 Your Spells              Type           Power      Damage    Failure   Level
a - Shock                 Conj/Air       80%        1d8       2%          1
b - Portal Projectile     Hex/Tloc       26%        N/A       14%         3
c - Mephitic Cloud        Conj/Pois/Air  15%        N/A       12%         3

Your spell library contained the following spells:

 Spells                   Type           Power      Damage    Failure   Level
 Beastly Appendage        Tmut           8%         N/A       10%         1
 Ensorcelled Hibernation  Hex/Ice        18%        N/A       10%         2
 Wereblood                Tmut           4%         N/A       14%         2
 Spider Form              Tmut/Pois      4%         N/A       28%         3
 Iskenderun's Mystic Bla  Conj/Tloc      19%        2d6       28%         4
 Anguish                  Hex/Necr       4%         N/A       52%         4
 Blade Hands              Tmut           2%         N/A       95%         5
 Excruciating Wounds      Necr           2%         N/A       95%         5


Dungeon Overview and Level Annotations

Branches:
Dungeon (5/15)
 Temple: D:4-7

Altars:

Annotations:
D:4 3 runed translucent doors, Jerry's ghost, amateur DgWr


Message History

Aim: a white imp (71% to hit)
The zap hits the white imp.
The white imp is lightly wounded.
The white imp spits at you.
Casting: Shock (safe; 2% risk of failure)
Confirm with . or Enter, or press ? or * to list all spells.
Aiming: Shock (safe; 2% risk of failure)
Press: ? - help, Shift-Dir - straight line, f/p - white imp
Aim: a white imp (lightly wounded, 71% to hit)
The zap hits the white imp.
The white imp is heavily wounded.
The white imp gestures at you. The puff of frost hits you!
Casting: Shock (safe; 2% risk of failure)
Confirm with . or Enter, or press ? or * to list all spells.
Aiming: Shock (safe; 2% risk of failure)
Press: ? - help, Shift-Dir - straight line, f/p - white imp
Aim: a white imp (heavily wounded, 71% to hit)
The zap hits the white imp.
The white imp is almost dead.
The white imp gestures at you. The puff of frost hits you!
Casting: Shock (safe; 2% risk of failure)
Confirm with . or Enter, or press ? or * to list all spells.
Aiming: Shock (safe; 2% risk of failure)
Press: ? - help, Shift-Dir - straight line, f/p - white imp
Aim: a white imp (almost dead, 71% to hit)
The zap misses the white imp.
The white imp gestures at you. The puff of frost hits you!
* * * LOW HITPOINT WARNING * * *
Casting: Shock (safe; 2% risk of failure)
Confirm with . or Enter, or press ? or * to list all spells.
Aiming: Shock (safe; 2% risk of failure)
Press: ? - help, Shift-Dir - straight line, f/p - white imp
Aim: a white imp (almost dead, 71% to hit)
The zap misses the white imp.
The white imp gestures at you. The puff of frost hits you!
You die...

#. #..?..## ..
#.....# ..# ####
#.#..# 5.##.^.#
#....## ?.....#
##....## #.....#
##..... #.....#
#..##. #..#.# #..###
#.@..# #..###
#.#..### #..#..
#.#.#....#######..#.#
#.#...##.............
#.##..###..#####.###.
#.##.##...## #....#
####.......#.# ####..
#........###.# ##.
#.........<#.#
#######.


You could see a white imp.

Vanquished Creatures
  A necrophage (D:5)
  A scorpion (D:4)
  A bullfrog skeleton (D:4)
  An orc wizard (D:5)
  8 gnolls
  3 adders
  A worm (D:3)
  3 orcs
  8 bats
  8 endoplasms
  A giant cockroach (D:2)
  A hobgoblin (D:4)
  8 kobolds
  2 quokkas (D:5)
  7 ball pythons
  3 frilled lizards (D:1)
  6 goblins
  2 rats
65 creatures vanquished.

Notes
Turn   | Place    | Note
-------+----------+-------------------------------------------
     0 | D:1      | Descartes the Deep Elf Wanderer began the quest for the
                  | Orb.
     0 | D:1      | Descartes set off with the following items: a +0 shortbow,
                  | 24 arrows, a +0 pair of gloves, a +0 robe; and the
                  | following spell memorised: Shock; and the following spells
                  | available to memorise: Mephitic Cloud, Iskenderun's Mystic
                  | Blast
     0 | D:1      | Reached XP level 1. HP: 10/10 MP: 5/5
   343 | D:1      | Reached XP level 2. HP: 13/15 MP: 1/6
   816 | D:1      | Found a faded altar of an unknown god.
  1115 | D:2      | Reached XP level 3. HP: 19/19 MP: 5/8
  1370 | D:2      | Reached skill level 1 in Air Magic
  2266 | D:3      | Learned a level 3 spell: Portal Projectile
  2582 | D:4      | Reached XP level 4. HP: 24/24 MP: 7/9
  2982 | D:4      | Found a runed translucent gate.
  2982 | D:4      | Found a runed translucent gate.
  2982 | D:4      | Found a runed translucent gate.
  2987 | D:4      | Noticed Jerry's ghost (amateur DgWr)
  3234 | D:4      | Reached XP level 5. HP: 28/28 MP: 7/11
  3442 | D:5      | Entered Level 5 of the Dungeon
  3452 | D:4      | Reached skill level 1 in Short Blades
  3452 | D:4      | Reached skill level 1 in Hexes
  3452 | D:4      | Reached skill level 1 in Translocations
  3852 | D:5      | Noticed a necrophage
  3879 | D:5      | Killed a necrophage
  3880 | D:5      | Reached XP level 6. HP: 30/32 MP: 0/12
  4060 | D:5      | Learned a level 3 spell: Mephitic Cloud
  4475 | D:5      | Noticed a troll
  4541 | D:5      | Killed from afar by a white imp

Illustrated notes

Levels and vault maps discovered:
D:1:      lightli_arrival_statuegarden, layout_basic,
          shapermc_ecumenical_altar_starsandcircs
D:2:      layout_basic
D:3:      layout_loops_ring
D:4:      layout_cave_pools, gammafunk_ghost_necromancy
D:5:      layout_rooms, minmay_misc_feat_plants

Skill      XL: |  1  2  3  4  5  6 |
---------------+-------------------+-----
Bows           | 3 4 |  4.0
Spellcasting   | 2 3 |  3.3
Dodging        | 2 3 |  3.0
Air Magic      | 1 2 |  2.0
Stealth        | 4 |  4.5
Short Blades   | 1 |  1.5
Hexes          | 1 |  1.8
Translocations | 1 |  1.5
Conjurations   | 4 |  4.1
Unarmed Combat | |  0.4

Action                   |  1- 3 |  4- 6 || total
-------------------------+-------+-------++-------
 Fire: Shortbow          |     7 |     9 ||    16
 Cast: Shock             |   103 |    99 ||   202
  Use: Potion            |       |     2 ||     2
Armor: Robe              |     4 |     7 ||    11
Dodge: Dodged            |    16 |    21 ||    37
